 Dungeon Crawl Stone Soup version 0.30-a0-305-g026cb31310 (webtiles) character file.

Game seed: 9435201769405052848

2552 Conn the Firebug (level 9, -3/55 HPs)
             Began as an Octopode Fire Elementalist on Oct 23, 2022.
             Was a Believer of Sif Muna.
             Slain by a manticore (23 damage)
             ... on level 8 of the Dungeon.
             The game lasted 00:22:18 (8792 turns).

Conn the Firebug (Octopode Fire Elementalist)       Turns: 8792, Time: 00:22:18

Health: -3/55      AC:  1    Str:  7    XL:     9   Next: 56%
Magic:  0/18       EV: 13    Int: 21    God:    Sif Muna [**....]
Gold:   299        SH:  0    Dex: 13    Spells: 0/20 levels left

rFire   . . .      SeeInvis .    q - +1 short sword (speed)
rCold   . . .      Faith    .    w - orb {light}
rNeg    . . .      Spirit   +    (helmet restricted)
rPois   .          Reflect  .    f - amulet of guardian spirit
rElec   .          Harm     .    (no ring)
rCorr   .          Rampage  .    (no ring)
Will    .....                    (no ring)
Stlth   +.........               (no ring)
HPRegen 0.29/turn                (no ring)
MPRegen 0.16/turn                (no ring)
                                 (no ring)
                                 (no ring)

@: confused, glowing
A: almost no armour, amphibious, 8 rings, camouflage 1, gelatinous body 1,
(nimble swimmer 1), tentacles
a: Renounce Religion, Channel Magic


You were on level 8 of the Dungeon.
You worshipped Sif Muna.
Sif Muna was pleased with you.
You visited 2 branches of the dungeon, and saw 9 of its levels.

You collected 299 gold pieces.

Inventory:

Hand Weapons
 b - a +0 dagger
 g - a +0 dagger of flaming
 q - a +1 short sword of speed (weapon)
Missiles
 l - 19 poisoned darts
Armour
 k - a +0 buckler
 w - an orb of light (worn)
Jewellery
 f - an amulet of guardian spirit (around mantle)
Wands
 n - a wand of light (14)
 v - a wand of flame (11)
Scrolls
 e - 4 scrolls of teleportation
 h - a scroll of silence
 o - a scroll of magic mapping
 s - a scroll of blinking
 x - 2 scrolls of fear {unknown}
 y - a scroll of poison
 z - a scroll of amnesia {unknown}
 A - a scroll of acquirement {unknown}
 C - a scroll of immolation
Potions
 a - 2 potions of magic
 c - a potion of invisibility
 d - a potion of mutation
 i - 2 potions of brilliance
 m - a potion of resistance
 p - 2 potions of degeneration {unknown}
 r - 2 potions of curing
 t - a potion of might {unknown}
 u - 2 potions of lignification {unknown}
 B - a potion of haste {unknown}


   Skills:
 + Level 2.4 Fighting
 + Level 2.1 Short Blades
 + Level 3.0 Dodging
 + Level 6.2 Stealth
 + Level 6.2 Spellcasting
 * Level 5.0 Conjurations
 + Level 1.5 Hexes
 * Level 0.2 Translocations
 + Level 6.4 Fire Magic
 * Level 0.3 Air Magic
 * Level 4.5 Invocations
 + Level 0.5 Evocations


You couldn't memorise any spells.
You knew the following spells:

 Your Spells              Type           Power      Damage    Failure   Level
a - Foxfire               Conj/Fire      100%       2x1d9     1%          1
b - Inner Flame           Hex/Fire       23%        N/A       5%          3
c - Kindle Blastsparks    Fire/Tloc/Air  32%        2d12      11%         3
d - Flame Wave            Conj/Fire      30%        2d9       9%          4
e - Scorch                Fire           66%        2d8       1%          2
f - Iskenderun's Mystic   Conj/Tloc      17%        2d5       32%         4
g - Mephitic Cloud        Conj/Pois/Air  14%        N/A       14%         3

Your spell library contained the following spells:

 Spells                   Type           Power      Damage    Failure   Level
 Slow                     Hex            48%        N/A       5%          1
 Dazzling Flash           Conj/Hex       40%        N/A       8%          3
 Sticky Flame             Conj/Fire      30%        2d5       9%          4
 Ensorcelled Hibernation  Hex/Ice        18%        N/A       11%         2
 Ignite Poison            Fire/Tmut/Pois 15%        N/A       12%         3
 Poisonous Vapours        Pois/Air       14%        N/A       13%         2
 Cigotuvi's Dreadful Rot  Necr/Pois/Air  14%        N/A       14%         2
 Passwall                 Tmut/Erth      5%         N/A       14%         2
 Confusing Touch          Hex            12%        N/A       16%         3
 Swiftness                Air            8%         N/A       24%         3
 Vampiric Draining        Necr           6%         2d6       28%         3
 Starburst                Conj/Fire      15%        6d6       80%         6
 Conjure Ball Lightning   Conj/Air       8%         3x3d6     99%         6
 Discord                  Hex            6%         N/A       100%        8
 Disjunction              Tloc           3%         N/A       100%        8
 Ignition                 Fire           16%        3d7       100%        8


Dungeon Overview and Level Annotations

Branches:
Dungeon (8/15)             Temple (1/1) D:4
   Lair: D:8-11

Altars:
Cheibriados
Okawaru
Sif Muna

Annotations:
D:3 1 runed translucent door


Innate Abilities, Weirdness & Mutations

You cannot wear most types of armour.
You are amphibious.
You can wear up to eight rings at the same time.
Your skin changes colour to match your surroundings (Stealth+).
Your rubbery body absorbs attacks. (AC +1, EV +1)
((You are camouflaged when in or above water. (Stealth+)))
You have tentacles for arms and can constrict up to eight enemies at once.


Message History

The manticore is lightly wounded.
The manticore's fire resistance burns away.
The manticore is engulfed in noxious fumes.
The manticore misses you. The manticore claws you. The manticore claws you!
Casting: Scorch (safe; 1% risk of failure)
Confirm with . or Enter, or press ? or * to list all spells.
Flames lash the manticore.
The manticore is burned terribly!
The manticore is moderately wounded.
The manticore barely misses you. The manticore claws you!
The manticore claws you.
Unknown command.
Casting: Scorch (safe; 1% risk of failure)
Confirm with . or Enter, or press ? or * to list all spells.
Aiming: Mephitic Cloud (dangerous; 14% risk of failure)
Press: ? - help, Shift-Dir - straight line, f/p - manticore
Aim: a manticore (moderately wounded, more vulnerable to fire, haloed, chance to affect: 58%) That beam is likely to hit you.
Continue anyway?
The ball explodes into a vile cloud!
The stinking cloud engulfs the manticore but does no damage.
The manticore is moderately wounded.
The stinking cloud engulfs you but does no damage.
You are engulfed in noxious fumes.
You choke on the stench!
You are confused.
You hear a shout!
The manticore is engulfed in noxious fumes.
The manticore bites you! The manticore claws you!
* * * LOW HITPOINT WARNING * * *
The manticore claws you!
* * * LOW HITPOINT WARNING * * *
Unknown command.
Unknown command.
Unknown command.
Unknown command.
You feel much better.
You are engulfed in noxious fumes.
You choke on the stench!
You are more confused.
The manticore is engulfed in noxious fumes.
The manticore misses you. The manticore claws you. x2
The manticore attacks as you move away! The manticore bites you!!
You die...

#####..#.##.#.#.##....#..........
.......#.##...#.##.##.#..####.###
##....##.#########....#..........
...................##.#...###.###
.#.########...........#...# #.#
.#.##########.#.....###...# #.#
.#..................###...# #.#
.##........###.#.#...##...# #.#
..........>##..#@#....#...# #.#
..............##H##.#.#...# #.#
...........#..#.###.......###.###
.....##......##..H##.#...........
.....###.##..###...#.............
.....# #.##.##..##.##.#....##.###
..#### #....##....###............
..# ##..##.##....##......#.###
..# ##..#..ยง.##...#..#........


You could see a manticore (combustible).

Vanquished Creatures
  A hornet (D:7)
  2 water moccasins
  An orc warrior (D:8)
  2 ice beasts
  A sky beast (D:7)
  3 ogres
  2 centaurs
  A kobold brigand (D:7)
  A scorpion (D:4)
  4 bullfrogs
  A necrophage (D:4)
  The ghost of Heedrag the Grave Robber, a weakling DsNe (D:3)
  3 jellies
  5 hounds
  3 orc priests
  2 gnoll boudas (D:7)
  2 iguanas
  Natasha (D:2)
  2 orc wizards
  A mummy (D:6)
  15 gnolls
  5 adders
  A shadow imp (D:6)
  2 white imps (D:6)
  An ufetubus (D:6)
  5 worms
  A dart slug (D:2)
  17 orcs
  11 ball pythons
  6 bats
  6 endoplasms
  4 giant cockroaches
  12 goblins
  6 hobgoblins
  2 jackals (D:4)
  3 quokkas
  2 frilled lizards
  15 kobolds
  8 rats
161 creatures vanquished.

Vanquished Creatures (others)
  368 foxfires
368 creatures vanquished.

Grand Total: 529 creatures vanquished

Notes
Turn   | Place    | Note
-------+----------+-------------------------------------------
     0 | D:1      | Conn the Octopode Fire Elementalist began the quest for the
                  | Orb.
     0 | D:1      | Reached XP level 1. HP: 11/11 MP: 3/3
   202 | D:1      | Reached XP level 2. HP: 15/17 MP: 0/5
   738 | D:1      | You fall into a shaft and drop 1 floor!
   755 | D:2      | Reached XP level 3. HP: 21/21 MP: 3/6
  1186 | D:2      | Reached XP level 4. HP: 23/27 MP: 1/8
  1264 | D:2      | Noticed Natasha
  1272 | D:2      | Killed Natasha
  1922 | D:3      | Reached XP level 5. HP: 3/31 MP: 0/9
  1925 | D:3      | Learned a level 2 spell: Scorch
  1929 | D:3      | Learned a level 3 spell: Inner Flame
  1933 | D:3      | Learned a level 3 spell: Kindle Blastsparks
  2205 | D:3      | Noticed an ogre
  2212 | D:3      | Killed an ogre
  2213 | D:3      | Reached skill level 5 in Stealth
  2213 | D:3      | Reached XP level 6. HP: 37/37 MP: 3/11
  2338 | D:3      | Found a runed translucent door.
  2343 | D:3      | Noticed Heedrag's ghost (weakling DsNe)
  2363 | D:3      | Killed Heedrag's ghost
  2480 | D:3      | Found a runed translucent door.
  2712 | D:3      | Reached skill level 1 in Fighting
  2712 | D:3      | Reached skill level 1 in Short Blades
  3333 | D:4      | Noticed a water moccasin
  3341 | D:4      | Killed a water moccasin
  3342 | D:4      | Reached XP level 7. HP: 34/43 MP: 3/12
  3719 | D:4      | Found a staircase to the Ecumenical Temple.
  3733 | Temple   | Entered the Ecumenical Temple
  3852 | Temple   | Became a worshipper of Sif Muna the Loreminder
  4209 | D:4      | Reached skill level 1 in Invocations
  4400 | D:5      | Entered Level 5 of the Dungeon
  4879 | D:6      | Reached skill level 1 in Hexes
  4995 | D:6      | Found a snail-covered altar of Cheibriados.
  5058 | D:6      | Reached XP level 8. HP: 50/50 MP: 10/14
  5406 | D:5      | Reached skill level 5 in Fire Magic
  5627 | D:5      | Reached skill level 5 in Spellcasting
  5697 | D:5      | Learned a level 4 spell: Flame Wave
  5702 | D:5      | Learned a level 4 spell: Iskenderun's Mystic Blast
  6181 | D:5      | Reached * piety under Sif Muna
  6203 | D:5      | Found an iron altar of Okawaru.
  7052 | D:7      | Reached XP level 9. HP: 41/55 MP: 9/17
  7266 | D:7      | Noticed a hornet
  7274 | D:7      | Killed a hornet
  8117 | D:8      | Reached ** piety under Sif Muna
  8339 | D:8      | Reached skill level 5 in Conjurations
  8658 | D:8      | Noticed a cyclops
  8658 | D:8      | Noticed a centaur warrior
  8753 | D:8      | Learned a level 3 spell: Mephitic Cloud
  8784 | D:8      | Noticed a manticore
  8792 | D:8      | Slain by a manticore

Illustrated notes

Levels and vault maps discovered:
D:1:      denvon_arrival_planthouse, layout_basic
D:2:      layout_rooms, uniq_natasha
D:3:      layout_basic, ebering_ghost_sewer_f, grunt_decor_resistance
D:4:      layout_loops_ring, minmay_temple_entry_wispy
D:5:      layout_loops_ring, okawaru_altar_gauntlet_db, minmay_starry_boxes
D:6:      layout_basic, chei_slow_surprise
D:7:      layout_loops_ring
D:8:      minmay_the_grid_triangle_9x9_recursive_2
          [minmay_the_grid_triangle_9x9_prize_schism,
          minmay_the_grid_triangle_9x9_stretched_checkered,
          minmay_the_grid_triangle_9x9_windchime,
          minmay_the_grid_triangle_9x9_odd_lines], layout_basic
Temple:   mainiacjoe_temple_big_plus

Skill      XL: |  1  2  3  4  5  6  7  8  9 |
---------------+----------------------------+-----
Stealth        | 3 4 5 6 |  6.2
Spellcasting   | 3 4 5 6 |  6.2
Fire Magic     | 4 5 6 |  6.4
Conjurations   | 2 3 4 5 |  5.0
Fighting       | 1 2 |  2.4
Short Blades   | 1 2 |  2.1
Invocations    | 1 3 4 |  4.5
Hexes          | 1 |  1.5
Dodging        | 3 |  3.0
Translocations | |  0.2
Air Magic      | |  0.3
Evocations     | |  0.5

Action                   |  1- 3 |  4- 6 |  7- 9 || total
-------------------------+-------+-------+-------++-------
Melee: Dagger            |    22 |    45 |     3 ||    70
       Tentacles         |     4 |     8 |    18 ||    30
       Constrict         |     2 |     9 |    14 ||    25
       Punch             |       |     1 |     1 ||     2
       Short sword       |       |       |    47 ||    47
 Cast: Foxfire           |    51 |    44 |   133 ||   228
       Scorch            |       |     4 |    27 ||    31
       Inner Flame       |       |     1 |     8 ||     9
       Kindle Blastspark |       |       |     5 ||     5
       Mephitic Cloud    |       |       |     2 ||     2
Evoke: Wand              |       |     1 |     1 ||     2
  Use: Potion            |       |     3 |     1 ||     4
       Scroll            |       |     1 |    10 ||    11
 Stab: Sleeping          |     9 |     4 |     5 ||    18
Armor: Skin              |       |     2 |       ||     2
Dodge: Dodged            |    12 |    45 |    39 ||    96

Table legend: (Time is in decaauts)
 A = Elapsed time spent in this place.
 B = Non-inter-level travel time spent in this place.
 C = Inter-level travel time spent in this place.
 D = Time resting spent in this place.
 E = Time spent auto-exploring this place.
 F = Levels seen in this place.
 G = Mean time per level.
                   A        B        C        D        E       F      G
               +--------+--------+--------+--------+--------+-----+--------+
         Total |   8771 |   8574 |    197 |     30 |   6735 |   9 |  974.6 |
       Dungeon |   8627 |   8451 |    176 |     30 |   6621 |   8 | 1078.4 |
        Temple |    143 |    122 |     21 |      0 |    114 |   1 |  143.0 |
               +--------+--------+--------+--------+--------+-----+--------+

Top non-repeatable levels by time:
     D:3: 1549 daAuts
     D:5: 1191 daAuts
     D:6: 1159 daAuts
     D:1: 1150 daAuts
     D:7: 1027 daAuts
     D:8: 997 daAuts
     D:4: 903 daAuts
     D:2: 648 daAuts
  Temple: 143 daAuts
